 Dungeon Crawl Stone Soup version 0.20.1-1-g8b1a95d (webtiles) character file.

26 Plasmagod the Covered (level 3, 0/29 HPs)
             Began as a Formicid Fighter on Jan 2, 2018.
             Slain by an orc priest
             ... wielding a +0 flail
              (5 damage)
             ... on level 1 of the Dungeon.
             The game lasted 00:06:22 (1188 turns).

Plasmagod the Covered (Formicid Fighter)            Turns: 1188, Time: 00:06:26

Health: 0/29       AC:  7    Str: 20    XL:     3   Next: 22%
Magic:  3/3        EV:  8    Int:  7    God:
Gold:   78         SH: 10    Dex: 11    Spells: 2/2 levels left

rFire    . . .     SeeInvis +   a - +0 long sword
rCold    . . .     Gourm    .   c - +1 shield
rNeg     . . .     Faith    .   b - +0 scale mail
rPois    .         Spirit   .   (helmet unavailable)
rElec    .         Reflect  .   (no cloak)
rCorr    .         Harm     .   (no gloves)
MR       .....                  (no boots)
Stlth    ..........             (no amulet)
Regen    0.1/turn               (no ring)
MPRegen  0.1/turn               (no ring)

@: no status effects
A: permanent stasis, dig shafts and tunnels, four strong arms, antennae 3
a: Dig, Shaft Self


You were on level 1 of the Dungeon.
You were not hungry.

You visited 1 branch of the dungeon, and saw 1 of its levels.

You collected 78 gold pieces.

Inventory:

Hand Weapons
 a - a +0 long sword (weapon)
Armour
 b - a +0 scale mail (worn)
 c - a +1 shield (worn)
Jewellery
 s - an uncursed ring of stealth {unknown}
Scrolls
 h - 2 scrolls of enchant armour
 j - a scroll of immolation {unknown}
 l - a scroll of fog {unknown}
 n - a scroll of random uselessness {unknown}
 o - a scroll of identify {unknown}
 r - a scroll of amnesia {unknown}
 v - a scroll of remove curse {unknown}
Potions
 d - a potion of might
 e - a potion of haste {unknown}
 g - a potion of invisibility
 k - a potion of lignification
 m - a potion of heal wounds {unknown}
 p - a potion of curing
 q - a potion of resistance {unknown}
 t - a potion of magic {unknown}
 u - a potion of mutation {unknown}
Comestibles
 f - a bread ration
 w - a royal jelly


   Skills:
 + Level 3.4 Fighting
 + Level 2.3 Long Blades
 + Level 3.9 Armour
 + Level 0.3 Dodging
 + Level 3.8 Shields


You had 2 spell levels left.
You didn't know any spells.

Dungeon Overview and Level Annotations

Branches:
Dungeon (1/15)

Altars:


Innate Abilities, Weirdness & Mutations

You cannot be hasted, slowed, berserked, paralysed or teleported.
You can dig through walls and to a lower floor.
Your four strong arms can wield two-handed weapons with a shield.
You have a pair of large antennae on your head. (SInv)


Message History

Your shield and scale mail prevent you from hitting the orc priest.
The orc priest is heavily wounded.
The orc wizard hits you but does no damage.
The orc wizard closely misses you.
You riposte.
You closely miss the orc wizard.
The orc wizard points at you and mumbles some strange words.
The magic dart hits you! The orc priest barely misses you.
The orc wizard hits you with a dagger.
You closely miss the orc priest.
The orc priest is heavily wounded.
The orc wizard closely misses you.
The orc priest hits you but does no damage.
The orc wizard hits you but does no damage.
You hit the orc priest.
The orc priest is severely wounded.
The orc wizard gestures at you while chanting.
The puff of frost hits you!
* * * LOW HITPOINT WARNING * * *
The orc priest hits you with a flail.
You die...

.#####################.# #.#.
.#.............# #.# #...
.###.#########.# #.##########
.#...#...# #.# #...........
.###.....#####.# ###########.
.#.............# ##.
.#.#.#.#####.######## ########..
.#..........#'...o..####......'#.
.#...##.###.#..o@o...##.^......#.
.#.#........#...##...##...##...#.
.#.#.##.#####..####..##..####..#.
.#.#.##.#...#..####..##..####..#.
.#.#.##.###.#...##...##...##...#.
...#.##.....#..................#.
.###.#########.......<........##.
.#...........######..##..######..
.#.#.#####...######..##..######..


You could see an orc priest and 2 orc wizards.

Vanquished Creatures
  2 dart slugs (D:1)
  A leopard gecko (D:1)
  2 goblins (D:1)
  4 hobgoblins (D:1)
  4 bats (D:1)
  2 frilled lizards (D:1)
  3 kobolds (D:1)
  4 rats (D:1)
22 creatures vanquished.

Notes
Turn   | Place    | Note
-------+----------+-------------------------------------------
     0 | D:1      | Plasmagod the Formicid Fighter began the quest for the Orb.
     0 | D:1      | Reached XP level 1. HP: 18/18 MP: 1/1
   371 | D:1      | Reached XP level 2. HP: 23/24 MP: 2/2
   686 | D:1      | Reached XP level 3. HP: 29/29 MP: 3/3
  1188 | D:1      | Slain by an orc priest

Action                   || total
-------------------------++-------
Melee: Long sword        ||    95
 Abil: Dig               ||     1
  Use: Potion            ||     3
       Scroll            ||     1
  Eat: Chunk             ||     1
Armor: Scale mail        ||    38
       Skin              ||     1
Dodge: Dodged            ||    35
Block: Shield            ||    46
       Rpst.: Long sword ||     9
